 Dungeon Crawl Stone Soup version 0.31.0-32-g396128a36d (webtiles) character file.

Game seed: 2206023331696393636

491 Fractals the Trooper (level 7, -7/53 (54) HPs)
             Began as a Human Wanderer on Apr 3, 2024.
             Mangled by a wight
             ... wielding a +4 scimitar
              (8 damage)
             ... on level 3 of the Dungeon.
             The game lasted 00:10:10 (3930 turns).

Fractals the Trooper (Human Wanderer)               Turns: 3930, Time: 00:10:10

HP:   -7/53 (54)    AC:  4    Str:  8 (9)  XL:     7   Next: 14%
MP:   11/11         EV: 10    Int: 18 (19) God:
Gold: 140           SH:  0    Dex: 12 (14) Spells: 9/12 levels left

rFire   . . .        h - +6 whip of the Piercing Gods {drain, rPois rC+ rN+ Str-3}
rCold   + . .        (no shield)
rNeg    + . .        d - +0 leather armour
rPois   +            (no helmet)
rElec   .            b - +0 cloak
rCorr   .            (no gloves)
SInv    .            (no boots)
Will    .....        (no amulet)
Stlth   ++           l - +6 ring of intelligence
HPRegen 0.28/turn    (no ring)
MPRegen 0.12/turn

%: no passive effects
@: lightly drained
A: explore regen
a: no special abilities


You were on level 3 of the Dungeon.
You visited 1 branch of the dungeon, and saw 5 of its levels.

You collected 140 gold pieces.

Inventory:

Hand Weapons
 a - a +0 vampiric quarterstaff
 h - the +6 whip of the Piercing Gods (weapon) {drain, rPois rC+ rN+ Str-3}
   (You found it on level 2 of the Dungeon)

   Str-3:     It affects your strength (-3).
   rC+:       It protects you from cold.
   rPois:     It protects you from poison rN+: It protects you from negative
   energy.
 j - a +2 dagger of draining
Missiles
 e - a throwing net (quivered)
Armour
 b - a +0 cloak (worn)
 d - a +0 leather armour (worn)
Jewellery
 l - a +6 ring of intelligence (left hand)
Scrolls
 c - a scroll of silence
 f - 2 scrolls of brand weapon
Potions
 i - a potion of brilliance


   Skills:
 + Level 4.1 Fighting
 - Level 2.0 Staves
 - Level 1.0 Throwing
 + Level 0.5 Armour
 - Level 3.0 Stealth
 - Level 3.0 Spellcasting
 - Level 4.0 Hexes
 - Level 2.5 Ice Magic
 - Level 2.0 Evocations


You had 9 spell levels left.
You knew the following spells:

 Your Spells              Type           Power      Damage    Failure   Level
a - Slow                  Hex            68%        N/A       4%          1
b - Ensorcelled Hibernat  Hex/Ice        28%        N/A       9%          2

Your spell library contained the following spells:

 Spells                   Type           Power      Damage    Failure   Level
 Sigil of Binding         Hex            17%        N/A       13%         3
 Tukima's Dance           Hex            17%        N/A       13%         3
 Call Canine Familiar     Summ           2%         N/A       56%         3
 Fugue of the Fallen      Necr           2%         N/A       56%         3
 Anguish                  Hex/Necr       4%         N/A       69%         4
 Dimensional Bullseye     Hex/Tloc       4%         N/A       69%         4


Dungeon Overview and Level Annotations

Branches:
Dungeon (5/15)
 Temple: D:4-7

Altars:

Annotations:
D:3 3 runed translucent doors, Tripartite's ghost, amateur MfDe


Innate Abilities, Weirdness & Mutations

You regain HP and MP as you explore.


Message History

As you read the scroll labelled ZOBRAUCH FUACW, it crumbles to dust.
It is a scroll of amnesia.
Okay, then.
As you read the scroll labelled HOATETHITOI, it crumbles to dust.
It is a scroll of identify.
n - a scroll of blinking Blink to where?
Press: ? - help, Dir - move target
As you read the scroll of blinking, it crumbles to dust.
You start resting.
An orc priest is nearby!
You climb upwards.
There is a stone staircase leading down here.
The wight hits you with a +1 mace! The wight closely misses you.
The wight attacks as it pursues you! The wight closely misses you.
The wight attacks as it pursues you! The wight closely misses you.
The wight attacks as it pursues you! The wight hits you with a +1 mace.
The iguana hisses angrily.
The wight attacks as it pursues you! The wight misses you.
The wight attacks as it pursues you! The wight hits you with a +4 scimitar.
The wight attacks as it pursues you! The wight barely misses you.
The wight attacks as it pursues you! The wight hits you with a +4 scimitar!
* * * LOW HITPOINT WARNING * * *
There is a stone staircase leading up, spattered with blood here.
The wight closely misses you.
You climb upwards.
Level annotation: 3 runed translucent doors, Tripartite's ghost, amateur MfDe
There is a stone staircase leading down here.
You hit the wight but do no damage. The wight closely misses you.
You barely miss the wight. The wight hits you with a +4 scimitar!
* * * LOW HITPOINT WARNING * * *
You hit the wight but do no damage. The wight hits you with a +4 scimitar.
* * * LOW HITPOINT WARNING * * *
You partially resist.
You feel drained.
* * * LOW HITPOINT WARNING * * *
You hit the wight.
The wight is moderately damaged.
The wight hits you with a +4 scimitar!
You die...

####.###......).......#
..#...##.############.#
#.......>....# #.#
.........###.# #.#
.........# #.# #.#
#.......## #.# #.#
#......## #.# #.#
#.#...## #.########.#
#.##.## #....@...#.#
#.##.##########..z....#
#..^.......# #.###.###
.......###.# #.# #.#
#..#.#.# #.# #.# #.#
...#.#.# #.####.###.#
##.#.#.# #.#.....##.#
...#.#.# #.#.....##.#
####.#.# #.<)....##.#


You could see a wight.

Vanquished Creatures
  Sigmund (D:2)
  2 hounds (D:5)
  A sleepcap (D:5)
  Terence (D:3)
  An orc wizard (D:4)
  6 gnolls
  4 adders
  2 dart slugs
  3 ribbon worms (D:2)
  10 orcs
  7 endoplasms
  2 giant cockroaches
  11 goblins
  10 hobgoblins
  6 kobolds
  5 quokkas
  3 ball pythons
  6 bats
  8 rats
89 creatures vanquished.

Notes
Turn   | Place    | Note
-------+----------+-------------------------------------------
     0 | D:1      | Fractals the Human Wanderer began the quest for the Orb.
     0 | D:1      | Fractals set off with the following items: a +0
                  | quarterstaff, a +0 cloak, a scroll of silence, a +0 leather
                  | armour; and the following spell memorised: Slow; and the
                  | following spells available to memorise: Sigil of Binding,
                  | Tukima's Dance.
     0 | D:1      | Reached XP level 1. HP: 13/13 MP: 2/2
   208 | D:1      | Reached skill level 1 in Fighting
   208 | D:1      | Reached XP level 2. HP: 18/21 MP: 3/3
   626 | D:1      | Reached XP level 3. HP: 24/26 MP: 4/4
   646 | D:1      | Found a faded altar of an unknown god.
  1461 | D:2      | Identified the +6 whip of the Piercing Gods {drain, rPois
                  | rC+ rN+ Str-3}
  1475 | D:2      | Reached XP level 4. HP: 34/34 MP: 5/5
  1481 | D:2      | Learned a level 2 spell: Ensorcelled Hibernation
  1766 | D:2      | Noticed Sigmund
  1778 | D:2      | Killed Sigmund
  1779 | D:2      | Reached XP level 5. HP: 24/42 MP: 0/9
  1788 | D:2      | Reached XP level 6. HP: 30/48 MP: 1/10
  2199 | D:3      | Noticed Terence
  2213 | D:3      | Killed Terence
  2639 | D:3      | Reached skill level 1 in Ice Magic
  2694 | D:3      | Found a runed translucent gate.
  2694 | D:3      | Found a runed translucent gate.
  2694 | D:3      | Noticed Tripartite's ghost (amateur MfDe)
  2695 | D:3      | Found a runed translucent gate.
  2717 | D:3      | Identified the +4 chain mail of Boredom {rPois}
  3661 | D:5      | Entered Level 5 of the Dungeon
  3687 | D:5      | Reached XP level 7. HP: 18/54 MP: 9/11
  3929 | D:3      | HP: 2/54 [wight/+4 scimitar (6)]
  3930 | D:3      | Mangled by a wight

Illustrated notes

Levels and vault maps discovered:
D:1:      dpeg_arrival_water_fire, layout_basic,
          hellmonk_ecumenical_altar_zigzags, chequers_garden,
          minmay_statues_item, amethyst_killhole
D:2:      layout_basic, st_stairs_12, chequers_serial_rivers_room_a,
          minmay_close_crescents, uniq_sigmund
D:3:      layout_loops_ring, biasface_ghost_orc_armoury, uniq_terence
D:4:      layout_cave_pools
D:5:      layout_cave_pools, serial_gnoll_camp, gnoll_camp_huts_moat,
          grums_kennel, gnoll_camp_mini_hut, gnoll_camp_mini_basic,
          gnoll_camp_mini_hut

Skill      XL: |  1  2  3  4  5  6  7 |
---------------+----------------------+-----
Fighting       | 1 2 3 4 |  4.1
Stealth        | 2 3 |  3.0
Spellcasting   | 2 3 |  3.0
Ice Magic      | 2 |  2.5
Hexes          | 4 |  4.0
Staves         | |  2.0
Throwing       | |  1.0
Armour         | |  0.5
Evocations     | |  2.0

Action                     |  1- 3 |  4- 6 |  7- 9 || total
---------------------------+-------+-------+-------++-------
  Melee: Quarterstaff      |   121 |       |       ||   121
         Whip              |     2 |   136 |    26 ||   164
  Throw: Throwing net      |       |     1 |       ||     1
   Cast: Ensorcelled Hiber |       |     2 |       ||     2
         Slow              |       |     1 |       ||     1
    Use: Scroll            |     3 |     1 |     4 ||     8
         Potion            |       |     4 |       ||     4
   Stab: Sleeping          |     8 |     4 |     1 ||    13
         Distracted        |     1 |       |       ||     1
 Armour: Leather armour    |    99 |    95 |    21 ||   215
  Dodge: Dodged            |    78 |    92 |    17 ||   187
